 Dungeon Crawl Stone Soup version 0.23-a0-612-gcb482e9 (console) character file.

951 bli the Digger (level 7, -6/52 HPs)
             Began as a Yellow Draconian Earth Elementalist on Dec 21, 2018.
             Was a Priest of Cheibriados.
             Mangled by a crocodile (7 damage)
             ... on level 8 of the Dungeon.
             The game lasted 00:19:54 (3935 turns).

bli the Digger (DrEE)                               Turns: 3935, Time: 00:19:55

Health: -6/52      AC:  7    Str: 18    XL:     7   Next: 90%
Magic:  11/15      EV: 14    Int: 23    God:    Cheibriados [***...]
Gold:   252        SH:  0    Dex: 23    Spells: 6/17 levels left

rFire    . . .     SeeInvis .   r - +0 hand axe (freeze)
rCold    . . .     Gourm    .   (no shield)
rNeg     . . .     Faith    +   (armour unavailable)
rPois    .         Spirit   .   (helmet restricted)
rElec    .         Reflect  .   (no cloak)
rCorr    +         Harm     .   t - +0 pair of gloves (curse)
MR       .....                  (no boots)
Stlth    ++........             z - amulet of faith
HPRegen  0.17/turn              h - +4 ring of dexterity
MPRegen  0.14/turn              (no ring)

@: very slightly contaminated, very slow
A: spit acid, acid resistance, unfitting armour, cold-blooded, AC +6
a: Breathe Acid, Bend Time, Temporal Distortion, Renounce Religion


You were on level 8 of the Dungeon.
You worshipped Cheibriados.
Cheibriados was most pleased with you.
You were hungry.

You visited 1 branch of the dungeon, and saw 6 of its levels.
You also visited: Ossuary.

You collected 252 gold pieces.

Inventory:

Hand Weapons
 m - a +0 flail
 r - a +0 hand axe of freezing (weapon)
Missiles
 b - 107 stones (quivered)
Armour
 t - a cursed +0 pair of gloves (worn)
Jewellery
 g - an uncursed ring of fire
 h - a +4 ring of dexterity (left hand)
 z - an amulet of faith (around neck)
 A - an uncursed amulet of the acrobat {unknown}
 D - an uncursed ring of ice {unknown}
Wands
 l - a wand of clouds (4)
 u - a wand of iceblast (10)
 x - a wand of flame (15)
 G - a wand of acid (4)
Scrolls
 d - a scroll of blinking {unknown}
 e - a scroll of enchant armour {unknown}
 f - a scroll of magic mapping {unknown}
 i - 10 scrolls of identify {unknown}
 j - a scroll of amnesia
 n - a scroll of fog {unknown}
 o - 2 scrolls of teleportation {unknown}
 q - 3 scrolls of enchant weapon {unknown}
 v - a scroll of remove curse {unknown}
 y - 3 scrolls of immolation {unknown}
 F - a scroll of brand weapon {unknown}
Potions
 a - 2 potions of curing {unknown}
 k - 6 potions of flight {unknown}
 s - a potion of haste {unknown}
 w - a potion of ambrosia {unknown}
 B - 2 potions of might {unknown}
 C - a potion of resistance {unknown}
 E - 2 potions of agility {unknown}
Comestibles
 c - 10 rations


   Skills:
 + Level 1.2 Fighting
 + Level 3.0 Dodging
 + Level 1.7 Stealth
 * Level 5.5 Spellcasting
 + Level 1.0 Transmutations
 + Level 7.0 Earth Magic


You had 6 spell levels left.
You knew the following spells:

 Your Spells              Type           Power        Failure   Level  Hunger
a - Sandblast             Erth           #####.       1%          1    None
b - Stone Arrow           Conj/Erth      ###...       6%          3    ##.....
d - Lee's Rapid Deconstr  Erth           #####.....   14%         5    #####..
W - Passwall              Tmut/Erth      ###.....     2%          2    None

Your spell library contained the following spells:

 Spells                   Type           Power        Failure   Level  Hunger
 Summon Small Mammal      Summ           #...         9%          1    None
 Call Imp                 Summ           #.......     14%         2    None
 Petrify                  Tmut/Erth      ###.....     17%         4    ####...
 Call Canine Familiar     Summ           #.......     26%         3    ##.....
 Summon Guardian Golem    Hex/Summ       #.......     26%         3    ##.....
 Summon Ice Beast         Ice/Summ       #.......     65%         4    ####...
 Summon Lightning Spire   Summ/Air       #.......     65%         4    ####...


Dungeon Overview and Level Annotations

Branches:
Dungeon (5/15)             Temple (0/1) D:4            Lair (0/6) D:8

Altars:
Ashenzari
Cheibriados
Gozag
Hepliaklqana
Makhleb
Nemelex Xobeh
Okawaru
Qazlal
Sif Muna
The Shining One

Shops:
D:5 =

Annotations:
D:3 3 runed doors, Duffy's ghost, weakling NaGl


Innate Abilities, Weirdness & Mutations

You can spit globs of acid.
You are resistant to acid.
Your golden yellow scales are hard. (AC +6)
You cannot fit into any form of body armour.
You are cold-blooded and may be slowed by cold attacks.


Message History

The water moccasin closely misses you. The wolf misses you.
The wolf bites the plant but does no damage.
The porcupine misses you. The crocodile closely misses you.
You hit the crocodile. You freeze the crocodile.
Your tail-slap misses the The crocodile is lightly wounded.
You hit the crocodile.
The crocodile seems to slow down.
You freeze the You hit the wolf but do no damage.
You closely miss the crocodile.
You hit the You closely miss the water moccasin.
The crocodile is no longer moving slowly.
The wolf closely misses you. The water moccasin bites you!
* * * LOW HITPOINT WARNING * * *
The crocodile bites you.
* * * LOW HITPOINT WARNING * * *
The crocodile bites you!
* * * LOW HITPOINT WARNING * * *
The porcupine bites you but does no damage.
The wolf misses you. The water moccasin bites you.
* * * LOW HITPOINT WARNING * * *
The crocodile bites you!
You die...

....> ..#..
.######... .
......... ..
#......
...♣...#.#
.P.P...Sr##
......lt@t#
......htPh♣
.....P.rhPP#
PP..PtP.♣P...#
P....PP♣.....#
..PP>.. .....#
.♣.P... ...P.#
.P...P. .....#
P..PP.. ...###


You could see a water moccasin, 4 crocodiles, a black bear, 2 wolves, an iguana
and 2 porcupines.

Vanquished Creatures
  2 ogres (D:4)
  A centaur (D:5)
  2 wyvern zombies (Ossuary)
  A crimson imp (D:5)
  2 centaur zombies (Ossuary)
  2 bullfrog zombies (Ossuary)
  10 mummies (Ossuary)
  Natasha (thrice) (D:3)
  A hound zombie (Ossuary)
  Robin (D:2)
  3 worker ant zombies (Ossuary)
  2 adders
  An ooze (D:1)
  3 adder zombies (Ossuary)
  A worm (D:3)
  2 dart slugs
  3 leopard geckos
  3 orcs
  A giant cockroach (D:3)
  13 goblins
  7 hobgoblins
  4 jackals (D:2)
  2 quokkas
  3 bats
  3 frilled lizards
  A jackal zombie (Ossuary)
  3 kobolds
  A leopard gecko skeleton (D:4)
  3 leopard gecko zombies (Ossuary)
  A quokka skeleton (D:4)
  A quokka zombie (Ossuary)
  9 rats
95 creatures vanquished.

Vanquished Creatures (others)
  2 fungi (D:3)
  3 withered plants (Ossuary)
5 creatures vanquished.

Grand Total: 100 creatures vanquished

Notes
Turn   | Place    | Note
-------+----------+-------------------------------------------
     0 | D:1      | bli the Draconian Earth Elementalist began the quest for
                  | the Orb.
     0 | D:1      | Reached XP level 1. HP: 14/14 MP: 3/3
   142 | D:1      | Reached XP level 2. HP: 12/20 MP: 1/5
   887 | D:2      | Found a snail-covered altar of Cheibriados.
   900 | D:2      | Became a worshipper of Cheibriados the Contemplative
   968 | D:2      | Reached XP level 3. HP: 21/27 MP: 1/6
  1046 | D:2      | Found a faded altar of an unknown god.
  1097 | D:2      | Noticed Robin
  1119 | D:2      | Reached skill level 4 in Earth Magic
  1205 | D:2      | Killed Robin
  1214 | D:2      | Reached * piety under Cheibriados
  1364 | D:2      | Found an iron altar of Okawaru.
  1890 | D:3      | Reached XP level 4. HP: 34/34 MP: 2/8
  1931 | D:3      | Found a burning altar of Makhleb.
  1935 | D:3      | Learned a level 2 spell: Passwall
  1936 | D:3      | Found a stormy altar of Qazlal.
  2020 | D:3      | Found a shattered altar of Ashenzari.
  2080 | D:3      | Found a glowing golden altar of the Shining One.
  2109 | D:3      | Noticed Natasha
  2117 | D:3      | Killed Natasha
  2267 | D:3      | Noticed Natasha
  2275 | D:3      | Killed Natasha
  2275 | D:3      | Reached XP level 5. HP: 29/39 MP: 4/9
  2317 | D:3      | Found a runed gate.
  2318 | D:3      | Found a runed gate.
  2319 | D:3      | Found a runed gate.
  2320 | D:3      | Noticed Duffy's ghost (weakling NaGl)
  2335 | D:3      | Noticed Natasha
  2340 | D:3      | Killed Natasha
  2340 | D:3      | Reached ** piety under Cheibriados
  2444 | D:4      | Noticed an ogre
  2453 | D:4      | Killed an ogre
  2453 | D:4      | Reached skill level 1 in Fighting
  2453 | D:4      | Reached skill level 5 in Earth Magic
  2464 | D:4      | Learned a level 3 spell: Stone Arrow
  2569 | D:4      | Noticed an ogre
  2578 | D:4      | Killed an ogre
  2578 | D:4      | Reached XP level 6. HP: 47/47 MP: 7/11
  2584 | D:4      | Found a staircase to the Ecumenical Temple.
  2780 | D:4      | Found a hazy altar of Hepliaklqana.
  2817 | D:4      | Found a deep blue altar of Sif Muna.
  2919 | D:5      | Entered Level 5 of the Dungeon
  2934 | D:5      | Found an opulent altar of Gozag.
  2963 | D:5      | Reached skill level 6 in Earth Magic
  3043 | D:5      | Found a sand-covered staircase.
  3048 | Ossuary  | Entered an ossuary
  3063 | Ossuary  | Your scales start taking on a golden yellow colour.
  3063 | Ossuary  | Reached XP level 7. HP: 23/52 MP: 6/13
  3358 | Ossuary  | Reached skill level 5 in Spellcasting
  3365 | Ossuary  | Learned a level 5 spell: Lee's Rapid Deconstruction
  3592 | Ossuary  | Reached *** piety under Cheibriados
  3656 | Ossuary  | Reached skill level 7 in Earth Magic
  3805 | D:5      | Found a sparkling altar of Nemelex Xobeh.
  3892 | D:5      | Found Inwuta's Jewellery Shoppe.
  3928 | D:5      | You fall through a shaft for 3 floors!
  3928 | D:8      | Found a staircase to the Lair.
  3935 | D:8      | HP: 2/52 [crocodile (8)]
  3935 | D:8      | Mangled by a crocodile

Vault maps used:
D:1:      sevenhm_arrival_forest_fort_large_2
D:2:      nicolae_overflow_crystal_walls, okawaru_ov_weapons_minmay,
          chequers_ecumenical_altar_simple, uniq_robin
D:3:      overflow_temple_1_default, ashenzari_conservatory_becter,
          nicolae_overflow_hidden_temple, gammafunk_ghost_nasty_kobolds,
          st_stairs_2, uniq_natasha
D:4:      lemuel_doored_altar, led_sif_pool, minmay_temple_entry_stoned_glass
D:5:      nicolae_gozag_cash_rules_everything_around_me,
          nemelex_xobeh_ov_fountains_minmay, serial_shops, shop_statue,
          gup_sewer_entry_bowl, first_ration,
          lightli_ossuary_entry_decrepit_ruins
D:8:      minmay_lair_entry_grove, basic_altar
Ossuary:  ossuary_zaba_flooded

Skill      XL: |  1  2  3  4  5  6  7 |
---------------+----------------------+-----
Dodging        | 2 3 |  3.0
Earth Magic    | 4 5 6 7 |  7.0
Spellcasting   | 3 4 5 |  5.5
Fighting       | 1 |  1.2
Stealth        | |  1.7
Transmutations | |  1.0

Action                   |  1- 3 |  4- 6 |  7- 9 || total
-------------------------+-------+-------+-------++-------
Melee: Unarmed           |    97 |    28 |       ||   125
       Tailslap          |    21 |     4 |    14 ||    39
       Hand axe          |       |    14 |    62 ||    76
       Flail             |       |     6 |       ||     6
Throw: Stone             |       |       |     9 ||     9
 Cast: Sandblast         |    39 |    41 |    44 ||   124
       Passwall          |       |       |     1 ||     1
  Use: Scroll            |       |       |     1 ||     1
       Potion            |       |       |     1 ||     1
 Stab: Sleeping          |     1 |       |       ||     1
       Distracted        |       |       |     1 ||     1
  Eat: Chunk             |     2 |     2 |     1 ||     5
Armor: Skin              |    40 |    21 |    25 ||    86
Dodge: Dodged            |    97 |    36 |    63 ||   196

Table legend:
 A = Non-vault XP
 B = Vault XP
 C = Vault XP percentage of total XP
 D = Non-vault monster count
 E = Vault monster count
 F = Vault count percentage of total count
                 A         B        C        D         E       F
            +---------+---------+-------+---------+---------+-------
      Total |     582 |     777 |  57.2 |      54 |      41 |  43.2
            +---------+---------+-------+---------+---------+-------
        D:1 |      30 |       0 |   0.0 |      16 |       0 |   0.0
        D:2 |      29 |      36 |  55.4 |      10 |      11 |  52.4
        D:3 |     100 |      48 |  32.4 |      16 |       2 |  11.1
        D:4 |     248 |       0 |   0.0 |       6 |       0 |   0.0
        D:5 |     175 |       0 |   0.0 |       6 |       0 |   0.0
    Ossuary |       0 |     693 | 100.0 |       0 |      28 | 100.0
            +---------+---------+-------+---------+---------+-------
